Unix NetHack Version 5.0.0-0 post-release - last build Jun 10 2026 00:39:30 (3ee93aec679c4c4259841fe613dc97188e26a321,branch:main).

Game began 2026-06-30 16:39:50, ended 2026-06-30 17:54:59.

HenriqueII, lawful male human Archeologist

                                                        ----------------
                              # #                       |..............|
                            --.-+----          -----  ##...............|
                            |.......|          |...|  # |..............|
         ------------       |.......|          |...|  # -----------|----
         |...........#      |.......|          |..(+###            ##
         |..........|#######.........#         |...|                #
         |..........|       |.......|#        #.d@..#               #
         |..........|       |.......|#        #-----####            ###
         |.....{....|       ------.--##       #        #####  --------|---
         -------.----             ##  #       ##           ###-..........|
                #####              ## #        #              |..........|
                    #####           # ###      #          ####+..........|
                        #######     #   # -----############   |..........|
                              ##### #   ##-...-#              |..........|
                                --.-.- ###|...|#              ------------
                                |....| #  |...|#
                                |.>..+##  -----#
                                ------##########

HenriqueII the Investigator  St:13 Dx:12 Co:16 In:13 Wi:13 Ch:11  Lawful
Dlvl:7  $:1  HP:0(59) Pw:31(31) AC:0  Xp:6 T:8026  Burdened

Latest messages:
 You finish eating the food ration.
 The wolf turns to flee.
 You stop searching.
 What do you want to write with? [- a-cfmotzAIZ or ?*] <esc>
 Never mind.
 There is a staircase up to level 6 here.
 Something is written here in the dust.
 You read: "|lbc?eth".
 What do you want to write with? [- a-cfmotzAIZ or ?*] -
 Do you want to add to the current engraving? [ynq] (y) n
 You wipe out the message that was written in the dust here.
 You write in the dust with your fingertip.
 What do you want to write in the dust here? Elbereth
 The wolf turns to flee.
 You stop searching.
 What do you want to zap? [cfmo or ?*] f
 In what direction? h
 You miss the wolf.
 The wolf bites!
 The wolf bites!
 You hit the wolf.
 The wolf bites!
 What do you want to wield? [- pA or ?*] A
 A - an uncursed silver saber named Werebane (weapon in right hand).
 The wolf bites!
 You miss the wolf.
 The wolf bites!
 The wolf misses!
 You miss the wolf.
 The wolf bites!
 What do you want to write with? [- a-cfmotzAIZ or ?*] -
 Do you want to add to the current engraving? [ynq] (y) y
 You add to the writing in the dust with your fingertip.
 What do you want to add to the writing in the dust here? 
 Never mind.
 What do you want to write with? [- a-cfmotzAIZ or ?*] -
 Do you want to add to the current engraving? [ynq] (y) n
 You wipe out the message that was written in the dust here.
 You write in the dust with your fingertip.
 What do you want to write in the dust here? Elbereth
 The wolf bites!
 What do you want to write with? [- a-cfmotzAIZ or ?*] -
 Do you want to add to the current engraving? [ynq] (y) n
 You wipe out the message that was written in the dust here.
 You write in the dust with your fingertip.
 What do you want to write in the dust here? Elbereth
 The wolf bites!
 The wolf bites!
 You die...
 Do you want your possessions identified? [ynq] (y) q

Inventory:
 Coins    ('$')
  $ - a gold piece
 Weapons  (')')
  A - the +1 Werebane (weapon in right hand)
 Armor    ('[')
  h - an uncursed +0 helm of brilliance (being worn)
  g - an uncursed +0 pair of leather gloves (being worn)
  i - an uncursed +0 shield of reflection (being worn)
  e - an uncursed +1 cloak of magic resistance (being worn)
  d - an uncursed +0 scale mail (being worn)
 Comestibles  ('%')
  v - 6 uncursed food rations
  Q - an uncursed fortune cookie
 Scrolls  ('?')
  U - a cursed scroll of food detection
 Potions  ('!')
  u - an uncursed potion of gain energy
  N - a cursed potion of hallucination
  C - a blessed potion of healing
  y - an uncursed potion of monster detection
  Y - a cursed diluted potion of monster detection
  W - a cursed potion of restore ability
  J - 5 potions of holy water
 Rings    ('=')
  Z - a cursed +1 ring of gain constitution
  b - a cursed ring of invisibility
 Wands    ('/')
  o - a wand of digging (0:7)
  c - a cursed wand of magic missile named empty (0:0)
  f - a cursed wand of nothing (0:5)
  m - a cursed wand of nothing (0:2)
 Tools    ('(')
  S - an uncursed sack containing 2 items
  l - an uncursed wooden harp
  k - an uncursed lock pick
  a - a cursed magic marker (0:20)
  p - a blessed +0 pick-axe
  T - a tinning kit (0:42)
 Gems/Stones  ('*')
  I - an uncursed garnet stone
  z - 2 uncursed opals
  t - an uncursed touchstone

Contents of the sack:
  2992 gold pieces
  a potion of unholy water

HenriqueII the Archeologist's attributes:

Background:
 You were an Investigator, a level 6 male human Archeologist.
 You were lawful, on a mission for Quetzalcoatl
 who was opposed by Camaxtli (neutral) and Huhetotl (chaotic).
 You were right-handed.
 You were in the Dungeons of Doom, on level 7.
 You entered the dungeon 8026 turns ago.
 There was a full moon in effect when your adventure ended.
 You had 503 experience points, 137 more were needed to attain level 7.

Basics:
 You had 0 out of 59 hit points.
 You had all 31 energy points (spell power).
 Your armor class was 0.
 Your wallet contained 1 zorkmid, and
 you had 2992 more stashed away in your pack.
 Autopickup was on for '$!?/="' plus thrown, with exceptions.

Final Characteristics:
 Your strength was 13 (limit:18/100).
 Your dexterity was 12 (limit:18).
 Your constitution was 16 (limit:18).
 Your intelligence was 13 (peak:14, limit:18).
 Your wisdom was 13 (limit:18).
 Your charisma was 11 (limit:18).

Final Status:
 You weren't hungry.
 You were burdened; movement was slightly slowed.
 You were wielding a saber.
 You were unskilled in saber.

Final Attributes:
 You were piously aligned.
 You were magic-protected.
 You had automatic searching.
 You were stealthy.
 You were warded.
 You had reflection.
 You were lucky.
 You are dead.

Miscellaneous:
 You encountered 1 bones level.
 Total elapsed playing time was 1 hour, 15 minutes and 8 seconds.

Major events:
 Turn
    1: HenriqueII the lawful male human Archeologist entered the dungeon
 1146: attained the rank of Field Worker (level 3)
 3859: entered the Gnomish Mines
 6158: attained the rank of Investigator (level 6)
 6770: was bestowed with Werebane by Quetzalcoatl
 8026: killed by a wolf

You didn't know any spells.

Skills:
 Fighting Skills
   bare handed combat [Unskilled]
   two weapon combat  [Unskilled]
   riding             [Unskilled]
 Weapon Skills
   dagger             [Unskilled]
   knife              [Unskilled]
   pick-axe           [Skilled]
   short sword        [Unskilled]
   saber              [Unskilled]
   club               [Unskilled]
   quarterstaff       [Unskilled]
   sling              [Unskilled]
   dart               [Unskilled]
   boomerang          [Unskilled]
   whip               [Basic]
   unicorn horn       [Unskilled]
 Spellcasting Skills
   attack spells      [Unskilled]
   healing spells     [Unskilled]
   divination spells  [Unskilled]
   matter spells      [Unskilled]

Voluntary challenges:
 Character rerolling was not enabled.
 You never genocided any monsters.
 You never polymorphed an object.
 You used no wishes.
Achievements:
 You entered a shop.
 You attained the rank of Field Worker.
 You entered the Gnomish Mines.
 You attained the rank of Investigator.

 The Dungeons of Doom: levels 1 to 7
    Level 1:
       A grave.
    Level 2:
       A general store.
    Level 3:
       An armor shop.
    Level 4:
       An altar to Quetzalcoatl, some fountains.
       Stairs down to The Gnomish Mines.
    Level 5:
       Many fountains.
    Level 6:
    Level 7: <- You were here.
       A fountain.
       Final resting place for
          you, killed by a wolf.
 The Gnomish Mines:
    Level 5:
       A grave.
       Final resting place for
          pavelek-Wiz-Elf-Mal-Cha, killed by a giant ant.


Vanquished creatures:
  a ghost
  a gnome mummy
  2 imps
  a wood nymph
 an orc shaman
  a rock mole
  2 ponies
  a fog cloud
  a yellow light
  3 shriekers
  3 gnome leaders
  a gnomish wizard
  2 kobold mummies
  a gray ooze
 an elf zombie
  a straw golem
  2 giant ants
  a floating eye
  a kitten
  2 homunculi
  2 kobold leaders
  2 kobold shamans
  3 hill orcs
  8 rothes
  a rabid rat
  4 giant bats
  2 dwarf zombies
  a werejackal
  6 iguanas
  7 acid blobs
  a gas spore
  4 hobbits
  a manes
  a hobgoblin
  8 giant rats
  7 cave spiders
  2 brown molds
  2 yellow molds
  a red mold
  6 gnomes
 16 garter snakes
  2 gnome zombies
  6 geckos
  7 jackals
  4 foxes
  3 kobolds
  2 goblins
 10 sewer rats
  6 grid bugs
  6 lichens
  2 kobold zombies
  9 newts
171 creatures vanquished.

No species were genocided or became extinct.

Game over:
                       ----------
                      /          \
                     /    REST    \
                    /      IN      \
                   /     PEACE      \
                  /                  \
                  |    HenriqueII    |
                  |     2993 Au      |
                  | killed by a wolf |
                  |                  |
                  |                  |
                  |                  |
                  |       2026       |
                 *|     *  *  *      | *
        _________)/\\_//(\/(/\)/\//\/|_)_______

Goodbye HenriqueII the Archeologist...

You died in The Dungeons of Doom on dungeon level 7 with 5046 points,
and 2993 pieces of gold, after 8026 moves.
You were level 6 with a maximum of 59 hit points when you died.

